 Dungeon Crawl Stone Soup version 0.23.2-40-g277498a001 (webtiles) character file.

Game seed: 7436702045624330049

1117 Deathwalker the Covered (level 8, -4/56 HPs)
             Began as a Human Skald on Aug 24, 2019.
             Was a Believer of Uskayaw.
             Slain by Duvessa
             ... wielding a +0 short sword
              (12 damage)
             ... on level 6 of the Dungeon.
             The game lasted 00:43:01 (4954 turns).

Deathwalker the Covered (Human Skald)               Turns: 4954, Time: 00:43:01

Health: -4/56      AC:  9    Str: 13    XL:     8   Next: 60%
Magic:  14/14      EV: 10    Int: 14    God:    Uskayaw [**....]
Gold:   431        SH:  7    Dex: 13    Spells: 4/15 levels left

rFire    . . .     SeeInvis .   a - +0 rapier (speed)
rCold    . . .     Gourm    .   k - +0 buckler
rNeg     . . .     Faith    .   f - +0 ring mail
rPois    +         Spirit   .   j - +0 helmet
rElec    .         Reflect  +   e - +1 cloak
rCorr    .         Harm     .   (no gloves)
MR       .....                  (no boots)
Stlth    ++........             w - +4 amulet of reflection
HPRegen  0.18/turn              P - ring of poison resistance
MPRegen  0.14/turn              q - ring of stealth

@: no status effects
A: no striking features
a: Stomp, Line Pass, Renounce Religion


You were on level 6 of the Dungeon.
You worshipped Uskayaw.
Uskayaw was noncommittal.
You were hungry.

You visited 1 branch of the dungeon, and saw 6 of its levels.

You collected 431 gold pieces.

Inventory:

Hand Weapons
 a - a +0 rapier of speed (weapon)
 b - a +0 blowgun
 s - a +0 dagger of freezing
 D - the +9 hand axe "Trog's Hatred" {elec, *Noise rF++}
   (You found it on level 5 of the Dungeon)

   Occasionally, upon striking a foe, it will discharge some electrical energy
   and cause terrible harm.
   It greatly protects you from fire.
   It may make noises in combat.
 I - a +0 long sword
 O - a +2 dagger of speed
Missiles
 v - 43 poisoned needles
 y - 81 arrows
Armour
 e - a +1 cloak (worn)
 f - a +0 ring mail (worn)
 j - a +0 helmet (worn)
 k - a +0 buckler (worn)
 l - a +0 plate armour
Magical Staves
 o - an uncursed staff of wizardry
Jewellery
 q - a ring of stealth (right hand)
 w - a +4 amulet of reflection (around neck)
 L - an uncursed ring of protection from cold
 P - a ring of poison resistance (left hand)
Wands
 i - a wand of paralysis (2)
 z - a wand of polymorph (7)
Scrolls
 h - a scroll of enchant armour {unknown}
 n - a scroll of teleportation
 p - 2 scrolls of fog {unknown}
 r - a scroll of fear
 x - 3 scrolls of remove curse
 A - a scroll of amnesia
 B - 2 scrolls of immolation
 E - a scroll of blinking
 K - a scroll of noise
 Q - a scroll of magic mapping {unknown}
Potions
 c - a potion of magic
 g - a potion of might {unknown}
 m - a potion of heal wounds
 t - 2 potions of ambrosia {unknown}
 u - a potion of mutation {unknown}
 C - 2 potions of haste
 F - a potion of agility {unknown}
 G - a potion of curing {unknown}
 H - 2 potions of flight
 J - a potion of invisibility {unknown}
 M - a potion of brilliance {unknown}
 N - a potion of resistance {unknown}
Comestibles
 d - 6 rations
 R - 4 chunks of flesh


   Skills:
 - Level 2.0 Fighting
 - Level 3.7 Long Blades
 * Level 1.8 Axes
 - Level 5.2 Armour
 - Level 2.0 Dodging
 + Level 4.1 Spellcasting
 * Level 1.8 Hexes
 + Level 4.9 Charms
 - Level 2.0 Necromancy
 - Level 2.0 Translocations


You had 4 spell levels left.
You knew the following spells:

 Your Spells              Type           Power        Failure   Level  Hunger
a - Confusing Touch       Hex            #.....       30%         1    None
b - Shroud of Golubria    Chrm/Tloc      ##........   22%         2    ##.....
c - Song of Slaying       Chrm           ###.....     12%         2    ##.....
d - Regeneration          Chrm/Necr      ##........   41%         3    ###....
e - Spectral Weapon       Hex/Chrm       ##......     43%         3    ###....

Your spell library contained the following spells:

 Spells                   Type           Power        Failure   Level  Hunger
 Infusion                 Chrm           ###.         9%          1    None
 Summon Small Mammal      Summ           #...         54%         1    None
 Gell's Gravitas          Tloc           #.........   63%         3    ###....
 Confuse                  Hex            #.......     65%         3    ###....
 Call Imp                 Summ           #.......     67%         2    ##.....
 Summon Guardian Golem    Hex/Summ       #.......     78%         3    ###....
 Call Canine Familiar     Summ           #.......     88%         3    ###....
 Petrify                  Tmut/Erth      #.......     99%         4    ####...
 Summon Ice Beast         Ice/Summ       #.......     99%         4    ####...
 Summon Lightning Spire   Summ/Air       #.......     99%         4    ####...
 Metabolic Englaciation   Hex/Ice        #.........   100%        5    ######.
 Yara's Violent Unravell  Hex/Tmut       #.........   100%        5    ######.


Dungeon Overview and Level Annotations

Branches:
Dungeon (6/15)             Temple (0/1) D:4

Altars:
Kikubaaqudgha
Uskayaw

Shops:
D:5 %

Annotations:
D:5 2 transporters, grerr's ghost, novice OpVM
D:6 Duvessa


Message History

Dowan points at Duvessa and mumbles some strange words.
Duvessa seems to speed up.
You block Duvessa's attack.
You puncture Dowan!
You kill Dowan!
Duvessa weeps, then rights herself and shakes her weapon.
Duvessa goes berserk!
Duvessa hits you with a +0 short sword! Duvessa hits you with a +0 short sword.
Things that are here:
a +0 dagger; a +0 robe Duvessa hits you with a +0 short sword!
You hit Duvessa but do no damage. Duvessa hits you with a +0 short sword!
* * * LOW HITPOINT WARNING * * *
You barely miss Duvessa.
You are feeling hungry.
Duvessa hits you with a +0 short sword!
* * * LOW HITPOINT WARNING * * *
You hit Duvessa.
Duvessa is lightly wounded.
Duvessa hits you with a +0 short sword!
You die...

##### ##"..#
#....######
#...##.?..##
#####.........#
#.(##.........#
#+####......##....##
............##....##
............#...@..#
.........<..#...e..#
............#......#
##'###..###.####'#####
##..##..###.##.......#
....................##
....................#
##..##...##.........#
##..##...##...##...##


You could see Duvessa (berserk).

Vanquished Creatures
  Eustachio (D:5)
  A sky beast (D:5)
  An ogre (D:5)
  2 phantoms
  A bullfrog (D:4)
  Dowan (D:6)
  A crimson imp (D:3)
  2 hounds
  2 orc priests
  A jelly (D:5)
  2 orc wizards (D:4)
  A worker ant (D:4)
  A hound zombie (D:5)
  A hound skeleton (D:4)
  A howler monkey zombie (D:5)
  2 worker ant zombies (D:5)
  6 adders
  4 gnolls
  3 oozes
  An adder skeleton (D:2)
  10 dart slugs (D:3)
  3 leopard geckos
  7 orcs
  6 giant cockroaches
  5 goblins (D:2)
  3 hobgoblins
  7 kobolds
  2 quokkas
  2 ball pythons
  2 bats (D:2)
  2 frilled lizards (D:2)
  8 rats
92 creatures vanquished.

Notes
Turn   | Place    | Note
-------+----------+-------------------------------------------
     0 | D:1      | Deathwalker the Human Skald began the quest for the Orb.
     0 | D:1      | Reached XP level 1. HP: 16/16 MP: 3/3
     4 | D:1      | Noticed a seven-headed hydra
   288 | D:1      | Reached XP level 2. HP: 20/22 MP: 5/5
   292 | D:1      | Learned a level 2 spell: Shroud of Golubria
   295 | D:1      | Learned a level 2 spell: Song of Slaying
   779 | D:1      | Noticed an anaconda
   888 | D:2      | Reached XP level 3. HP: 23/27 MP: 6/6
  1459 | D:3      | Reached skill level 2 in Armour
  1459 | D:3      | Reached XP level 4. HP: 30/33 MP: 0/7
  1554 | D:3      | Found a hide-covered altar of Uskayaw.
  1730 | D:3      | Reached skill level 3 in Armour
  1730 | D:3      | Reached XP level 5. HP: 38/38 MP: 8/8
  1798 | D:3      | Found an ancient bone altar of Kikubaaqudgha.
  1814 | D:3      | Became a worshipper of Uskayaw the Reveler
  1819 | D:3      | Reached * piety under Uskayaw
  1915 | D:3      | Reached ** piety under Uskayaw
  2361 | D:3      | Learned a level 3 spell: Regeneration
  2401 | D:4      | Noticed a bullfrog
  2407 | D:4      | Killed a bullfrog
  2407 | D:4      | Reached skill level 4 in Armour
  2407 | D:4      | Reached skill level 1 in Translocations
  2407 | D:4      | Reached XP level 6. HP: 31/44 MP: 2/9
  2407 | D:4      | Reached *** piety under Uskayaw
  2596 | D:4      | Noticed a phantom
  2654 | D:4      | Killed a phantom
  2654 | D:4      | Reached skill level 1 in Necromancy
  2654 | D:4      | Reached XP level 7. HP: 35/50 MP: 8/10
  2805 | D:4      | Found a staircase to the Ecumenical Temple.
  2932 | D:4      | Reached **** piety under Uskayaw
  3190 | D:4      | Learned a level 1 spell: Confusing Touch
  3191 | D:5      | Entered Level 5 of the Dungeon
  3191 | D:5      | Found Tauwkeeg's Food Emporium.
  3621 | D:5      | Found a transporter.
  3622 | D:5      | Noticed grerr's ghost (novice OpVM)
  3624 | D:5      | You fall through a shaft!
  3708 | D:5      | Reached skill level 5 in Armour
  3932 | D:5      | Noticed Eustachio
  4250 | D:5      | Reached XP level 8. HP: 56/56 MP: 3/13
  4450 | D:5      | Got an ancient hand axe
  4451 | D:5      | Identified the +9 hand axe "Trog's Hatred" {elec, *Noise
                  | rF++} (You found it on level 5 of the Dungeon)
  4494 | D:5      | Found a transporter.
  4593 | D:5      | Killed Eustachio
  4593 | D:5      | Reached skill level 1 in Axes
  4593 | D:5      | Reached skill level 1 in Hexes
  4605 | D:5      | Learned a level 3 spell: Spectral Weapon
  4909 | D:6      | Noticed Dowan
  4935 | D:6      | Noticed Duvessa
  4949 | D:6      | Killed Dowan
  4954 | D:6      | Slain by Duvessa

Skill      XL: |  1  2  3  4  5  6  7  8 |
---------------+-------------------------+-----
Long Blades    | 3 |  3.7
Armour         | 2 3 4 5 |  5.2
Translocations | 1 2 |  2.0
Necromancy     | 1 2 |  2.0
Spellcasting   | 3 4 |  4.1
Charms         | 4 |  4.9
Axes           | 1 |  1.8
Hexes          | 1 |  1.8
Fighting       | |  2.0
Dodging        | |  2.0

Action                   |  1- 3 |  4- 6 |  7- 9 || total
-------------------------+-------+-------+-------++-------
Melee: Falchion          |    66 |       |       ||    66
       Dagger            |    45 |   235 |   204 ||   484
       Rapier            |       |       |    37 ||    37
       Hand axe          |       |       |     6 ||     6
Throw: Stone             |       |     3 |       ||     3
 Cast: Infusion          |       |     2 |     5 ||     7
       Shroud of Golubri |       |       |     2 ||     2
       Confusing Touch   |       |       |     1 ||     1
Evoke: Wand              |       |       |     1 ||     1
  Use: Scroll            |     7 |       |     7 ||    14
       Potion            |       |       |     2 ||     2
 Stab: Paralysed         |       |       |     6 ||     6
       Confused          |       |       |     1 ||     1
  Eat: Chunk             |     1 |     5 |     4 ||    10
       Ration            |       |       |     1 ||     1
Armor: Ring mail         |    44 |    62 |    61 ||   167
       Leather armour    |     1 |       |       ||     1
Dodge: Dodged            |    47 |    57 |    57 ||   161
Block: Buckler           |     8 |    12 |    32 ||    52
       Rpst.: Falchion   |    12 |       |       ||    12
